AoeStats
← Deadly_Apostate

Arabia

506793271Analyzed
1v1 RM · 17d ago on Sep 15, 2026· 41m 19s· 2 players
Game mode
Random Map
Map size
Tiny (2 player)
Population
200
Speed
Normal
Resources
Standard
Victory
Conquest
Starting age
Dark Age
Ending age
Imperial Age
RankedLock teamsTeams togetherTeam positionsShared explorationLock speedFull tech treeHidden civsTurbo modeCheats
Victory
Defeat
🇨🇦 Lithuanians · Canada
1420
+14
🇺🇸 Portuguese · United States
1380
-14
Deadly_Apostate
6:45 Loom
9:25 Feudal Age
10:03 Man-at-Arms
10:51 Double-Bit Axe
16:58 Horse Collar
17:22 Arson
19:54 Fletching
20:53 Gold Mining
25:15 Castle Age
24:09 Padded Archer Armor
25:19 Elite Skirmisher
26:01 Bodkin Arrow
27:06 Leather Archer Armor
28:55 Bloodlines
32:08 Forging
32:13 Town Watch
32:45 Bow Saw
32:26 Stone Mining
33:31 Sanctity
33:29 Pikeman
35:39 Scale Mail Armor
36:14 Iron Casting
36:07 Devotion
40:41 Chain Mail Armor
LRNI_Bélico
6:35 Loom
8:48 Feudal Age
9:28 Double-Bit Axe
11:35 Horse Collar
16:24 Wheelbarrow
20:12 Castle Age
19:44 Fletching
20:09 Gold Mining
21:03 Bodkin Arrow
20:54 Crossbowman
26:25 Bow Saw
27:19 Scale Barding Armor
28:32 Chain Barding Armor
29:11 Heavy Plow
29:11 Town Watch
31:25 Forging
32:30 Sanctity
33:00 Hand Cart
33:27 Bloodlines
34:52 Husbandry
35:34 Fervor
36:02 Stone Mining
36:56 Devotion
40:37 Iron Casting
39:44 Light Cavalry
43:14 Imperial Age
Connection lost

Rejoining the realm…

Still unreachable

The connection could not be restored.

Session expired

The server has moved on; the page needs a fresh start.